AoeStats
← Baggi

Migration

510189311Analyzed
1v1 RM · 2d ago on Sep 29, 2026· 33m 19s· 2 players
Game mode
Random Map
Map size
132×132
Population
200
Speed
Normal
Resources
Standard
Victory
Conquest
Starting age
Dark Age
Ending age
Imperial Age
RankedLock teamsTeams togetherTeam positionsShared explorationLock speedFull tech treeHidden civsTurbo modeCheats
Victory
Defeat
🇺🇸 Spanish · United States
993
+17
🇧🇷 Franks · Brazil
1021
-17
ImPrefect
10:46 Feudal Age
11:13 Double-Bit Axe
15:59 Loom
18:19 Castle Age
17:59 Horse Collar
20:01 Medium Warships
22:49 Scale Mail Armor
23:00 Forging
29:41 Wheelbarrow
32:45 Imperial Age
33:13 Ballistics
Baggi
4:56 Loom
13:14 Feudal Age
13:55 Double-Bit Axe
16:35 Wheelbarrow
20:34 Castle Age
21:35 Hand Cart
25:53 Scale Barding Armor
27:33 Gambesons
31:57 Padded Archer Armor
Connection lost

Rejoining the realm…

Still unreachable

The connection could not be restored.

Session expired

The server has moved on; the page needs a fresh start.